 Dungeon Crawl Stone Soup version 0.30-a0-170-g85af917532 (webtiles) character file.

Game seed: 3518769763312540057

331 Zonian the Sneak (level 6, 0/32 HPs)
             Began as a Vine Stalker Brigand on Sept 30, 2022.
             Slain by a gnoll
             ... wielding a +0 spear
              (2 damage)
             ... on level 3 of the Dungeon.
             The game lasted 00:08:21 (3153 turns).

Zonian the Sneak (Vine Stalker Brigand)             Turns: 3153, Time: 00:08:22

Health: 0/32       AC:  5    Str: 14    XL:     6   Next: 52%
Magic:  0/7        EV: 13    Int: 11    God:
Gold:   246        SH:  0    Dex: 20    Spells: 5/5 levels left

rFire   x . .      SeeInvis .    n - +0 dagger (venom)
rCold   + . .      Faith    .    (no shield)
rNeg    . . .      Spirit   +    b - +0 robe
rPois   .          Reflect  .    u - +0 helmet
rElec   .          Harm     .    c - +0 cloak
rCorr   .          Rampage  .    j - +0 pair of gloves {Dex+3}
Will    .....                    (no boots)
Stlth   ++++......               (no amulet)
HPRegen 0.90/turn                q - ring of ice
MPRegen 0.10/turn                (no ring)

@: no status effects
A: fangs 2, regeneration 1, magic shield, antimagic bite, no potion heal 2
a: no special abilities


You were on level 3 of the Dungeon.
You visited 1 branch of the dungeon, and saw 4 of its levels.

You collected 246 gold pieces.

Inventory:

Hand Weapons
 a - a +2 dagger
 i - a +0 dagger of electrocution
 k - a +0 sling
 n - a +0 dagger of venom (weapon)
 v - a +2 dagger of speed
Missiles
 d - 18 poisoned darts (quivered)
 e - 3 curare-tipped darts
 g - 3 atropa-tipped darts
Armour
 b - a +0 robe (worn)
 c - a +0 cloak (worn)
 j - a +0 pair of gloves of dexterity (worn)
 u - a +0 helmet (worn)
Jewellery
 q - a ring of ice (left hand)
Wands
 s - a wand of digging (1)
Scrolls
 o - 2 scrolls of magic mapping
 w - a scroll of identify
Potions
 f - a potion of flight {unknown}
 h - 4 potions of curing
 l - 2 potions of mutation {unknown}
 m - 2 potions of ambrosia
 p - 2 potions of attraction {unknown}
 r - a potion of heal wounds
 t - 2 potions of brilliance {unknown}


   Skills:
 + Level 3.1 Fighting
 + Level 3.1 Short Blades
 + Level 3.1 Throwing
 + Level 2.3 Dodging
 + Level 6.1 Stealth


You had 5 spell levels left.
You didn't know any spells.
Your spell library contained the following spells:

 Spells                   Type           Power      Damage    Failure   Level
 Foxfire                  Conj/Fire      0%         2x1d4     34%         1
 Slow                     Hex            0%         N/A       34%         1
 Confusing Touch          Hex            0%         N/A       71%         3
 Inner Flame              Hex/Fire       0%         N/A       71%         3
 Vampiric Draining        Necr           0%         2d6       71%         3
 Flame Wave               Conj/Fire      0%         2d4       98%         4
 Sticky Flame             Conj/Fire      0%         2d3       98%         4


Dungeon Overview and Level Annotations

Branches:
Dungeon (4/15)
 Temple: D:4-7

Altars:
Ashenzari
Ru
Trog
Yredelemnul


Innate Abilities, Weirdness & Mutations

You have extremely sharp teeth.
Your natural rate of healing is unusually fast.
When hurt, damage is shared between your health and your magic reserves.
Your bite disrupts and absorbs the magic of your enemies.
Potions cannot restore your health.


Message History

The goblin closely misses you.
You closely miss the hobgoblin.
You feel sick. The gnoll hits you with a +0 spear.
The hobgoblin completely misses you. The hobgoblin misses you.
The gnoll closely misses you. The goblin barely misses you.
You hit the hobgoblin.
The hobgoblin is poisoned.
The hobgoblin is heavily wounded.
You feel sick.
You kill the hobgoblin!
The gnoll hits you from afar with a +0 spear of venom.
You are more poisoned.
The hobgoblin hits you with a +0 club. The goblin hits you but does no damage.
You hit the gnoll. You bite the gnoll, but do no damage.
The gnoll is lightly wounded.
You feel sick.
The gnoll hits you from afar with a +0 spear of venom.
The hobgoblin closely misses you. The gnoll barely misses you.
You barely miss the gnoll. You bite the gnoll, but do no damage.
The gnoll is lightly wounded.
You feel sick. The goblin misses you.
Unknown command.
You hit the gnoll but do no damage.
The gnoll is poisoned.
You bite the gnoll. You drain its power.
You feel invigorated.
The gnoll is moderately wounded.
You feel sick. The gnoll hits you but does no damage.
The gnoll closely misses you. The hobgoblin misses you.
The goblin hits you but does no damage.
You closely miss the gnoll.
The gnoll is heavily wounded.
You feel sick.
The gnoll hits you from afar with a +0 spear of venom.
You are lethally poisoned!
The hobgoblin closely misses you. The gnoll hits you with a +0 spear!
* * * LOW HITPOINT WARNING * * *
The goblin closely misses you.
Your system rejects the healing.
You feel better. The hobgoblin hits you with a +0 club.
* * * LOW HITPOINT WARNING * * *
The gnoll hits you with a +0 spear.
You die...

#########################''#####
#.............)#...... #.)).#
#.........).)..'...... #..).#
##..gg..........#########..).####
...g.########..........#.).).)#..
.....# #..........'.)).).'..
....g########.g........#).....#..
##............gg#########)...####
#............gg@.......#....#
#.............g#$......#...)#
#############################


You could see 2 gnolls, 2 hobgoblins and 2 goblins.

Vanquished Creatures
  An ogre (D:4)
  A hound (D:4)
  An orc wizard (D:4)
  Robin (D:3)
  4 gnolls (D:3)
  2 adders (D:4)
  An ufetubus (D:4)
  4 dart slugs
  7 ball pythons
  2 endoplasms
  2 giant cockroaches
  31 goblins
  23 hobgoblins
  4 jackals (D:3)
  4 quokkas
  5 bats
  4 frilled lizards
  7 kobolds
  A rat (D:1)
105 creatures vanquished.

Vanquished Creatures (others)
  2 goblins (D:3)
2 creatures vanquished.

Grand Total: 107 creatures vanquished

Notes
Turn   | Place    | Note
-------+----------+-------------------------------------------
     0 | D:1      | Zonian the Vine Stalker Brigand began the quest for the
                  | Orb.
     0 | D:1      | Reached XP level 1. HP: 11/11 MP: 2/2
   329 | D:1      | Reached skill level 1 in Dodging
   329 | D:1      | Reached XP level 2. HP: 12/15 MP: 3/3
   413 | D:1      | Reached skill level 5 in Stealth
   794 | D:1      | Reached XP level 3. HP: 18/18 MP: 4/4
   939 | D:2      | You fall into a shaft and drop 2 floors!
  1153 | D:4      | Noticed an ogre
  1165 | D:4      | Killed an ogre
  1166 | D:4      | Gained mutation: Your natural rate of healing is unusually
                  | fast. [Vine Stalker growth]
  1166 | D:4      | Reached XP level 4. HP: 23/23 MP: 5/5
  1166 | D:4      | Reached XP level 5. HP: 27/27 MP: 6/6
  1348 | D:4      | Found a sacrificial altar of Ru.
  1476 | D:3      | Found a basalt altar of Yredelemnul.
  1632 | D:3      | Reached XP level 6. HP: 9/32 MP: 2/7
  1789 | D:2      | Found a broken altar of Ashenzari.
  2072 | D:2      | Found a faded altar of an unknown god.
  2230 | D:3      | Noticed Robin
  2800 | D:3      | Reached skill level 6 in Stealth
  2814 | D:3      | Killed Robin
  2891 | D:3      | Found a bloodstained altar of Trog.
  3153 | D:3      | Slain by a gnoll

Illustrated notes

Levels and vault maps discovered:
D:1:      lightli_arrival_noodles, layout_rooms
D:2:      layout_rooms, basic_altar, shapermc_ecumenical_altar_venn
D:3:      minmay_goblin_kobold_castle, layout_basic,
          nicolae_overflow_hidden_temple, lemuel_doored_altar, uniq_robin
D:4:      layout_basic, nicolae_ru_great_annihilating_truth, nrook_loot_triangle

Skill      XL: |  1  2  3  4  5  6 |
---------------+-------------------+-----
Dodging        | 1 2 |  2.3
Stealth        | 5 6 |  6.1
Throwing       | 2 3 |  3.1
Fighting       | 2 3 |  3.1
Short Blades   | 2 3 |  3.1

Action                   |  1- 3 |  4- 6 || total
-------------------------+-------+-------++-------
Melee: Dagger            |    48 |   181 ||   229
       Bite              |    14 |    53 ||    67
       Punch             |       |     3 ||     3
Throw: Dart              |    12 |     6 ||    18
Evoke: Wand              |       |     5 ||     5
  Use: Scroll            |       |     8 ||     8
       Potion            |       |     1 ||     1
 Stab: Sleeping          |     4 |     5 ||     9
       Paralysed         |       |     1 ||     1
       Distracted        |       |     2 ||     2
Armor: Robe              |     9 |    49 ||    58
Dodge: Dodged            |    17 |   159 ||   176

Table legend: (Time is in decaauts)
 A = Elapsed time spent in this place.
 B = Non-inter-level travel time spent in this place.
 C = Inter-level travel time spent in this place.
 D = Time resting spent in this place.
 E = Time spent auto-exploring this place.
 F = Levels seen in this place.
 G = Mean time per level.
                   A        B        C        D        E       F      G
               +--------+--------+--------+--------+--------+-----+--------+
         Total |   3107 |   3049 |     58 |    719 |   1465 |   4 |  776.8 |
       Dungeon |   3107 |   3049 |     58 |    719 |   1465 |   4 |  776.8 |
               +--------+--------+--------+--------+--------+-----+--------+

Top non-repeatable levels by time:
     D:1: 924 daAuts
     D:2: 815 daAuts
     D:3: 752 daAuts
     D:4: 615 daAuts
